 Dungeon Crawl Stone Soup version 0.29-a0-323-g050149af67 (webtiles) character file.

Game seed: 4595445748997338764

2590 Jortsu the Cudgeller (level 9, -6/85 HPs)
             Began as a Troll Fighter on Apr 12, 2022.
             Was an Elder of Dithmenos.
             Mangled by a vampire (8 damage)
             ... on level 7 of the Dungeon.
             The game lasted 00:10:04 (5667 turns).

Jortsu the Cudgeller (Troll Fighter)                Turns: 5667, Time: 00:10:05

Health: -6/85      AC: 13    Str: 28    XL:     9   Next: 33%
Magic:  8/8        EV: 10    Int:  4    God:    Dithmenos [****..]
Gold:   579        SH:  0    Dex: 11    Spells: 8/8 levels left

rFire   . . .      SeeInvis .   v - +1 giant club
rCold   . . .      Faith    .   (shield currently unavailable)
rNeg    . . .      Spirit   .   l - +4 troll leather armour {Pargi}
rPois   .          Reflect  .   (helmet restricted)
rElec   .          Harm     .   C - +2 cloak
rCorr   .          Rampage  .   (gloves unavailable)
Will    .....                   (boots unavailable)
Stlth   ++........              (no amulet)
HPRegen 1.84/turn               (no ring)
MPRegen 0.11/turn               (no ring)

@: wreathed by umbra
A: large, unfitting armour, claws 3, regeneration 1, shaggy fur 1, tough skin 1
a: Renounce Religion, Shadow Step


You were on level 7 of the Dungeon.
You worshipped Dithmenos.
Dithmenos was greatly pleased with you.
You visited 1 branch of the dungeon, and saw 7 of its levels.

You collected 579 gold pieces.

Inventory:

Hand Weapons
 v - a +1 giant club (weapon)
Armour
 b - a +0 kite shield
 l - a +4 troll leather armour (worn) {Pargi}
 C - a +2 cloak (worn)
Jewellery
 j - a ring of magical power
 u - a +6 ring of intelligence
Wands
 m - a wand of digging (8)
 x - a wand of flame (29)
 A - a wand of mindburst (14)
 B - a wand of polymorph (7)
Scrolls
 h - 6 scrolls of teleportation
 o - 2 scrolls of blinking
 r - 2 scrolls of torment
 s - a scroll of fear
 y - 2 scrolls of identify
 z - 2 scrolls of holy word {unknown}
 D - a scroll of fog
Potions
 a - 2 potions of resistance
 c - 4 potions of might
 d - 10 potions of curing
 e - a potion of magic
 f - a potion of haste
 g - a potion of degeneration
 i - 5 potions of heal wounds
 k - a potion of attraction {unknown}
 n - 3 potions of flight
 p - a potion of mutation {unknown}
 q - a potion of berserk rage {unknown}
 t - a potion of cancellation {unknown}
 w - a potion of lignification {unknown}


   Skills:
 + Level 4.7 Fighting
 + Level 6.3 Maces & Flails
 + Level 3.0 Armour
 + Level 4.6 Dodging
 + Level 1.5 Stealth
 + Level 3.5 Shields
 + Level 5.7 Unarmed Combat


You had 8 spell levels left.
You didn't know any spells.
Your spell library contained the following spells:

 Spells                   Type           Power      Damage    Failure   Level
 Sublimation of Blood     Necr           0%         N/A       67%         2
 Wereblood                Tmut           0%         N/A       67%         2
 Summon Hydra             Summ           0%         N/A       100%        7


Dungeon Overview and Level Annotations

Branches:
Dungeon (7/15)             Temple (0/1) D:5

Altars:
Dithmenos
Okawaru
Sif Muna
Uskayaw

Shops:
D:5 [


Innate Abilities, Weirdness & Mutations

You are too large for most types of armour.
You have claws for hands.
Your natural rate of healing is unusually fast.
You are covered in fur. (AC +1)
You have tough skin. (AC +1)


Message History

Something draws strength from your injuries!
You bludgeon something!!
You hear a shout!
Something hits you. Something bites you but does no damage.
You barely miss something. Something hits you but does no damage.
Something bites you!
* * * LOW HITPOINT WARNING * * *
Something draws strength from your injuries!
You closely miss something.
You hear some strange, mumbled words.
You are confused.
Something hits you!
* * * LOW HITPOINT WARNING * * *
Something bites you but does no damage.
You bump into the rock wall.
Something hits you but does no damage. Something bites you.
* * * LOW HITPOINT WARNING * * *
Something draws strength from your injuries!
You bump into the rock wall.
Something hits you but does no damage. Something completely misses you.
You bump into the rock wall.
Something hits you but does no damage. Something bites you.
* * * LOW HITPOINT WARNING * * *
Something draws strength from your injuries!
You bump into the rock wall.
Something hits you but does no damage. Something bites you.
* * * LOW HITPOINT WARNING * * *
Something draws strength from your injuries!
You bump into the rock wall.
Something hits you!
* * * LOW HITPOINT WARNING * * *
Something bites you but does no damage.
You feel less confused. Something hits you but does no damage.
Something bites you.
* * * LOW HITPOINT WARNING * * *
Something draws strength from your injuries!
The gnoll shaman calls upon its god to speed up the gnoll.
The gnoll seems to speed up.
Something hits you.
* * * LOW HITPOINT WARNING * * *
Something bites you!
You die...

c####c≈≈≈≈≈≈...............#...##
≈≈≈..≈≈≈≈≈....#.###........#.....
≈≈≈≈≈≈≈≈≈.....#.# #..............
.≈≈≈≈≈≈.......#.# #........#.#..#
#...g.......#.###........#+##.#
#..g##...g...g......<#........#
#..g ########g###..###.........
g.g.. #.###............#. ...g.g
#.@......#.......#. {..g..
#........#.######## ......
#........#.# ## ....##
#........#.#######.
#.########......... #.#
###.......... #.# #...[########
#.# #.#.......... #.#
#.#.#########


You could see a gnoll shaman and a gnoll.

Vanquished Creatures
  A hornet (D:7)
  4 yaks (D:5)
  A steam dragon (D:7)
  A sky beast (D:5)
  Pargi (D:3)
  An orc warrior (D:7)
  An ogre (D:4)
  A bullfrog (D:7)
  2 necrophages
  2 scorpions
  5 wights (D:7)
  A howler monkey (D:5)
  A jelly (D:7)
  2 hounds
  An orc priest (D:3)
  Crazy Yiuf (D:7)
  A gnoll shaman (D:6)
  Terence (D:3)
  Natasha (thrice) (D:2)
  An iguana (D:5)
  3 orc wizards
  12 gnolls
  9 adders
  A shadow imp (D:6)
  2 white imps
  3 worms (D:3)
  5 dart slugs
  17 orcs
  10 ball pythons
  7 endoplasms
  2 giant cockroaches
  8 goblins
  6 hobgoblins
  6 jackals
  5 bats
  5 frilled lizards
  11 kobolds
  4 rats
148 creatures vanquished.

Notes
Turn   | Place    | Note
-------+----------+-------------------------------------------
     0 | D:1      | Jortsu the Troll Fighter began the quest for the Orb.
     0 | D:1      | Reached XP level 1. HP: 22/22 MP: 0/0
    73 | D:1      | Reached XP level 2. HP: 29/29 MP: 1/1
   180 | D:1      | Found a faded altar of an unknown god.
   200 | D:1      | Prayed at the altar of an unknown god.
   200 | D:1      | Became a worshipper of Dithmenos the Shadowed
   200 | D:1      | Reached * piety under Dithmenos
   744 | D:2      | Reached XP level 3. HP: 36/36 MP: 2/2
  1103 | D:2      | Noticed Natasha
  1109 | D:2      | Killed Natasha
  1109 | D:2      | Reached ** piety under Dithmenos
  1350 | D:2      | Reached XP level 4. HP: 44/44 MP: 3/3
  1473 | D:2      | Noticed Natasha
  1481 | D:2      | Killed Natasha
  1756 | D:2      | Noticed Natasha
  1769 | D:2      | Killed Natasha
  1874 | D:3      | Noticed Terence
  1884 | D:3      | Killed Terence
  1885 | D:3      | Reached XP level 5. HP: 51/52 MP: 4/4
  1909 | D:3      | Found a faded altar of an unknown god.
  1909 | D:3      | Found an iron altar of Okawaru.
  1921 | D:3      | Found a faded altar of an unknown god.
  1923 | D:3      | Found a hide-covered altar of Uskayaw.
  1925 | D:3      | Found a shadowy altar of Dithmenos.
  1989 | D:3      | Noticed Pargi
  1995 | D:3      | Killed Pargi
  2082 | D:3      | Reached XP level 6. HP: 61/61 MP: 5/5
  2254 | D:3      | Reached skill level 1 in Stealth
  2731 | D:4      | Reached *** piety under Dithmenos
  2921 | D:4      | Reached skill level 5 in Unarmed Combat
  3011 | D:4      | Identified the +10 hunting sling "Vuing" {vorpal, Int+7
                  | Stlth+}
  3040 | D:4      | Reached XP level 7. HP: 20/67 MP: 6/6
  3156 | D:4      | Reached skill level 1 in Armour
  3445 | D:5      | Entered Level 5 of the Dungeon
  3643 | D:5      | Found Itogiame's Antique Armour Boutique.
  3813 | D:5      | Found a staircase to the Ecumenical Temple.
  3818 | D:5      | Reached skill level 1 in Maces & Flails
  3876 | D:5      | Found a shimmering blue altar of Sif Muna.
  3910 | D:5      | Noticed a yak
  3911 | D:5      | Noticed a yak
  3913 | D:5      | Noticed a yak
  3914 | D:5      | Noticed a yak
  3928 | D:5      | Killed a yak
  3929 | D:5      | Reached skill level 2 in Maces & Flails
  3929 | D:5      | Reached XP level 8. HP: 59/75 MP: 7/7
  3939 | D:5      | Reached skill level 3 in Maces & Flails
  3953 | D:5      | Reached skill level 4 in Maces & Flails
  4975 | D:7      | Reached skill level 5 in Maces & Flails
  5066 | D:7      | Noticed a hornet
  5075 | D:7      | Killed a hornet
  5076 | D:7      | Reached XP level 9. HP: 75/85 MP: 8/8
  5108 | D:7      | Reached **** piety under Dithmenos
  5245 | D:7      | Reached skill level 6 in Maces & Flails
  5379 | D:7      | Found a runed translucent door.
  5380 | D:7      | Noticed Crazy Yiuf
  5391 | D:7      | Killed Crazy Yiuf
  5667 | D:7      | HP: 2/85 [something (6)]
  5667 | D:7      | Mangled by a vampire

Illustrated notes

Levels and vault maps discovered:
D:1:      dpeg_arrival_shrine, layout_basic, chequers_ecumenical_altar_simple
D:2:      layout_basic, minmay_fractal_squares_gapless_5, uniq_natasha
D:3:      layout_loops_ring, chequers_temple_overflow_minitemple,
          palyth_stone_intersect, minmay_shallow_snake_nest, uniq_terence,
          uniq_pargi
D:4:      layout_loops_ring, grunt_decor_one_mirror, sigmund_army
D:5:      layout_loops_ring, lemuel_crystal_altar,
          minmay_temple_entry_statues_pillars, serial_shops, shop,
          minmay_crossroads
D:6:      layout_basic, chequers_serial_rivers_large_b
D:7:      layout_basic, centaur_isle, uniq_crazy_yiuf_cottage

Skill      XL: |  1  2  3  4  5  6  7  8  9 |
---------------+----------------------------+-----
Dodging        | 3 4 |  4.6
Unarmed Combat | 3 4 5 |  5.7
Shields        | 3 |  3.5
Fighting       | 3 4 |  4.7
Stealth        | 1 |  1.5
Armour         | 1 2 3 |  3.0
Maces & Flails | 2 5 6 |  6.3

Action                   |  1- 3 |  4- 6 |  7- 9 || total
-------------------------+-------+-------+-------++-------
Melee: Unarmed           |    91 |   134 |     8 ||   233
       Giant club        |       |       |   209 ||   209
  Use: Scroll            |     1 |     6 |    12 ||    19
 Stab: Sleeping          |     2 |     2 |     2 ||     6
       Distracted        |       |       |     1 ||     1
Armor: Robe              |    32 |     7 |       ||    39
       Troll leather arm |       |    26 |   105 ||   131
Dodge: Dodged            |    36 |    58 |   191 ||   285
Block: Kite shield       |    24 |    56 |     2 ||    82

Table legend: (Time is in decaauts)
 A = Elapsed time spent in this place.
 B = Non-inter-level travel time spent in this place.
 C = Inter-level travel time spent in this place.
 D = Time resting spent in this place.
 E = Time spent auto-exploring this place.
 F = Levels seen in this place.
 G = Mean time per level.
                   A        B        C        D        E       F      G
               +--------+--------+--------+--------+--------+-----+--------+
         Total |   5826 |   5708 |    118 |     30 |   4016 |   7 |  832.3 |
       Dungeon |   5826 |   5708 |    118 |     30 |   4016 |   7 |  832.3 |
               +--------+--------+--------+--------+--------+-----+--------+

Top non-repeatable levels by time:
     D:2: 1134 daAuts
     D:3: 848 daAuts
     D:6: 823 daAuts
     D:5: 778 daAuts
     D:4: 761 daAuts
     D:7: 757 daAuts
     D:1: 722 daAuts
